 Dungeon Crawl Stone Soup version 0.22.0-2-ge58baed0e8 (webtiles) character file.

97414 Chiseanne the Eclecticist (level 15, -10/90 HPs)
             Began as a Vampire Fire Elementalist on Aug 12, 2018.
             Was a High Priest of Vehumet.
             Mangled by a water elemental (13 damage)
             ... on level 2 of the Shoals.
             The game lasted 02:53:34 (37985 turns).

Chiseanne the Eclecticist (VpFE)                   Turns: 37985, Time: 02:53:35

Health: -10/90     AC:  8    Str:  7    XL:     15   Next: 72%
Magic:  23/43      EV: 17    Int: 31    God:    Vehumet [*****.]
Gold:   701        SH:  5    Dex: 15    Spells: 3/44 levels left

rFire    + . .     SeeInvis +   a - +10 hand axe of Cuggomep {chop, +Fly Int+7}
rCold    + + .     Gourm    .   L - +1 buckler
rNeg     + + .     Faith    +   g - +1 robe {rC+ rF+}
rPois    +         Spirit   .   i - +1 hat
rElec    .         Reflect  .   c - scarf {repulsion}
rCorr    .         Harm     .   l - +1 pair of gloves
MR       +....                  m - +1 pair of boots
Stlth    ++........             k - amulet of faith
HPRegen  0.12/turn              A - +5 ring of evasion
MPRegen  0.28/turn              T - ring of magical power

@: very slightly contaminated, regenerating slowly, repel missiles, very slow
A: fangs 3, see invisible, unbreathing
a: Bat Form, Renounce Religion, Evoke Flight


You were on level 2 of the Shoals.
You worshipped Vehumet.
Vehumet was extremely pleased with you.
You were thirsty.

You visited 5 branches of the dungeon, and saw 23 of its levels.
You also visited: Labyrinth.

You collected 2400 gold pieces.
You spent 1699 gold pieces at shops.

Inventory:

Hand Weapons
 a - the +10 hand axe of Cuggomep (weapon) {chop, +Fly Int+7}
   (You bought it in a shop on level 7 of the Dungeon)

   It inflicts extra damage upon your enemies.
   It affects your intelligence (+7).
   It lets you fly.
 q - a +2 blowgun
 s - the +11 spear "Niegos" {vamp, Str+3}
   (You found it on level 11 of the Dungeon)

   It inflicts no extra harm, but heals its wielder when it wounds a living foe.
   It affects your strength (+3).
 w - the +3 hunting sling of Poumied {flame, *Slow rElec MR+ Dex+5}
   (You found it on level 6 of the Lair of Beasts)

   It causes projectiles fired from it to burn those they strike, causing extra
   injury to most foes and up to half again as much damage against particularly
   susceptible opponents.
   It affects your dexterity (+5).
   It insulates you from electricity.
   It affects your resistance to hostile enchantments.
   It may slow you when you take damage.
Missiles
 e - 120 sling bullets
 o - 4 tomahawks of dispersal (quivered)
 p - 101 poisoned needles
 y - 2 throwing nets
 B - 163 bolts
Armour
 c - a scarf of repulsion (worn)
 g - a +1 robe of resistance (worn)
 i - a +1 hat (worn)
 l - a +1 pair of gloves (worn)
 m - a +1 pair of boots (worn)
 L - a +1 buckler (worn)
Magical Staves
 H - an uncursed staff of poison
Jewellery
 k - an amulet of faith (around neck)
 t - the ring "Cuir" {rF+ Str+2 Stlth+}
   (You took it off a minotaur in a labyrinth)

   [ring of stealth]

   It affects your strength (+2).
   It protects you from fire.
   It makes you more stealthy.
 A - a +5 ring of evasion (left hand)
 N - an uncursed amulet of magic regeneration
 T - a ring of magical power (right hand)
 X - an uncursed ring of protection from magic
Wands
 G - a wand of digging (3)
 J - a wand of clouds (7)
 Q - a wand of iceblast (21)
 S - a wand of disintegration (8)
Scrolls
 f - 6 scrolls of magic mapping
 u - 2 scrolls of teleportation
 z - 5 scrolls of remove curse
 I - 2 scrolls of fog
 O - a scroll of silence
 R - 3 scrolls of identify
 V - 2 scrolls of brand weapon
 W - 2 scrolls of enchant weapon
Potions
 b - 4 potions of curing
 d - 11 potions of blood
 h - 4 potions of flight
 j - 4 potions of resistance
 n - 5 potions of cancellation
 r - a potion of brilliance
 D - a potion of ambrosia
 F - a potion of mutation
 M - 2 potions of lignification
 U - 2 potions of heal wounds
Miscellaneous
 x - a fan of gales


   Skills:
 - Level 2.1 Dodging
 - Level 3.0 Stealth
 * Level 2.5 Shields
 - Level 15.0 Spellcasting
 - Level 10.4 Conjurations
 + Level 6.7 Summonings
 - Level 8.0 Translocations
 - Level 7.0 Fire Magic
 - Level 4.4 Poison Magic
 - Level 11.0 Evocations


You had 3 spell levels left.
You knew the following spells:

 Your Spells              Type           Power        Failure   Level  Hunger
a - Throw Flame           Conj/Fire      ######       1%          2    None
b - Poison Arrow          Conj/Pois      ######....   4%          6    ###....
c - Bolt of Fire          Conj/Fire      ######....   2%          6    ###....
d - Iskenderun's Mystic   Conj           ######..     1%          4    None
e - Spellforged Servitor  Conj/Summ      ######....   16%         7    #####..
f - Fireball              Conj/Fire      ######....   1%          5    None
g - Mephitic Cloud        Conj/Pois/Air  ######..     1%          3    None
h - Conjure Flame         Conj/Fire      ######..     1%          3    None
i - Apportation           Tloc           ######       1%          1    None
j - Passage of Golubria   Tloc           N/A          1%          4    None

Your spell library contained the following spells:

 Spells                   Type           Power        Failure   Level  Hunger
 Cause Fear               Hex            ###.......   22%         4    None
 Slow                     Hex            ###.....     3%          2    None
 Confuse                  Hex            ###.....     7%          3    None
 Throw Frost              Conj/Ice       ######       1%          2    None
 Summon Small Mammal      Summ           ####         1%          1    None
 Animate Dead             Necr           N/A          22%         4    None
 Pain                     Necr           ###.         2%          1    None
 Animate Skeleton         Necr           N/A          2%          1    None
 Vampiric Draining        Necr           ###.......   7%          3    None
 Sticky Flame             Conj/Fire      ######..     1%          4    None
 Regeneration             Chrm/Necr      ###.......   7%          3    None
 Stone Arrow              Conj/Erth      ######       1%          3    None
 Recall                   Summ/Tloc      N/A          1%          3    None
 Confusing Touch          Hex            ###...       2%          1    None
 Flame Tongue             Conj/Fire      #####        1%          1    None
 Passwall                 Tmut/Erth      ###.....     3%          2    None
 Metabolic Englaciation   Hex/Ice        ###.......   54%         5    None
 Dispersal                Tloc           ######....   13%         6    ###....
 Static Discharge         Conj/Air       ######..     1%          3    None
 Corona                   Hex            ###....      2%          1    None
 Lee's Rapid Deconstruct  Erth           ###.......   17%         5    None
 Sandblast                Erth           ###...       1%          1    None
 Portal Projectile        Hex/Tloc       #####.       1%          3    None
 Petrify                  Tmut/Erth      ###.....     22%         4    None
 Malign Gateway           Summ/Tloc      ######....   67%         7    #####..
 Leda's Liquefaction      Hex/Erth       ###.......   22%         4    None
 Shroud of Golubria       Chrm/Tloc      #####.....   1%          2    None
 Inner Flame              Hex/Fire       #####...     1%          3    None
 Disjunction              Tloc           ######....   99%         8    ######.
 Irradiate                Conj/Tmut      ######....   2%          5    None
 Gell's Gravitas          Tloc           ######....   1%          3    None
 Yara's Violent Unravell  Hex/Tmut       ###.......   17%         5    None


Dungeon Overview and Level Annotations

Branches:
Dungeon (12/15)            Temple (0/1) D:5            Lair (6/6) D:11
 Shoals (2/4) Lair:4        Snake (0/4) Lair:4        Slime (0/5) Lair:5
    Orc (2/2) D:9             Elf (1/3) Orc:2

Altars:
Cheibriados
Dithmenos
Elyvilon
Makhleb
Qazlal
Ru
Vehumet
Wu Jian
Xom
Zin

Shops:
D:6 ?   D:7 *   D:10 }   Orc:2 %[%

Portals:
Hell: Lair:6

Annotations:
D:11 NormalPerson7T's ghost, journeyman DDFi
D:12 1 runed door
Lair:2 1 runed door, rupin's ghost, journeyman MiHu
Elf:1 Asterion


Innate Abilities, Weirdness & Mutations

You heal slowly.
You have razor-sharp teeth.
You have supernaturally acute eyesight. (SInv)
You can survive without breathing.


Message History

The merfolk barely misses you.
Casting: Poison Arrow (safe; 4% risk of failure)
Confirm with . or Enter, or press ? or * to list all spells.
Aiming: Poison Arrow (safe; 4% risk of failure)
Press: ? - help, Shift-Dir - straight line, f/p - merfolk
Aim: a merfolk, wielding a trident (severely wounded, poisoned)
The poison arrow misses the merfolk.
The poison arrow hits the water elemental.
The water elemental partially resists.
The water elemental is moderately damaged.
You are feeling thirsty.
You struggle against the net.
The merfolk hits you but does no damage.
You struggle against the net.
The merfolk aquamancer closely misses you.
The merfolk hits you from afar with a trident!!
* * * LOW HITPOINT WARNING * * *
You shred the net and break free! The merfolk aquamancer misses you.
The water elemental hits you!
You die...

.>..##. ≈≈≈
..≈.... ≈≈≈
...... ≈≈≈≈
#.... ..≈≈≈
#...###..≈≈≈
####..≈...≈≈≈≈≈
.....≈≈≈≈≈≈≈≈≈≈
...≈E≈m@≈≈≈≈≈≈≈
≈≈≈≈≈mE.≈≈≈≈≈≈≈
≈≈≈≈≈≈≈≈≈≈≈≈≈≈≈
≈≈≈≈≈≈≈≈≈≈≈≈≈≈≈
.≈≈≈≈≈≈≈≈≈≈≈≈≈≈
..≈≈≈≈≈≈≈≈≈≈≈≈≈
#.≈≈....≈≈≈≈≈≈≈
..≈.....≈≈≈≈≈≈≈


You could see a merfolk aquamancer, a merfolk and 2 water elementals.

Vanquished Creatures
  Gastronok (D:9)
  Kirke (Lair:5)
  A deep elf sorcerer (Elf:1)
  A minotaur (Lab)
  3 merfolk impalers (Shoals:1)
  Josephine (D:12)
  A deep elf high priest (Elf:1)
  A peacekeeper (Orc:2)
  7 hydras
  A catoblepas (Lair:6)
  7 dancing weapons
  A death yak (Lair:6)
  An orc high priest (Orc:2)
  4 deep elf knights (Elf:1)
  A sixfirhy (Lair:6)
  4 sea snakes
  2 wizards
  A lindwurm (Lair:6)
  2 deep elf archers (Elf:1)
  5 orc sorcerers (Orc:2)
  7 oklob plants
  An orc knight (Orc:1)
  7 elephants
  6 manticores
  A faun (Shoals:1)
  2 ugly things
  2 cyclopes
  30 deep elf magi
  2 black mambas
  A merfolk siren (Shoals:1)
  A centaur zombie (D:10)
  A water nymph (Shoals:1)
  A smoke demon (Lair:6)
  11 spiny frogs
  A torpor snail (Lair:6)
  Joseph (D:7)
  A centaur skeleton (D:11)
  A gargoyle (D:10)
  3 orange demons (Lair:6)
  A kobold demonologist (D:11)
  2 ice devils (Lair:6)
  8 komodo dragons
  7 rime drakes
  4 merfolk (Shoals:1)
  A red devil (Lair:6)
  3 trolls
  2 hornets
  2 polar bears
  A wind drake (Shoals:1)
  4 dream sheep (Lair:6)
  4 snapping turtles
  Prince Ribbit (D:9)
  3 saltlings
  34 blink frogs
  9 hippogriffs
  A meliai zombie (D:11)
  3 redbacks (Lab)
  An air elemental (Elf:1)
  A shadow (D:11)
  A water elemental (Elf:1)
  4 wyverns
  5 wraiths
  5 large abominations (D:9)
  6 basilisks
  19 yaks
  A fire elemental (Elf:1)
  A hungry ghost (Lab)
  A steam dragon (D:10)
  3 wargs
  2 hell hounds (Lair:6)
  21 water moccasins
  7 small abominations (D:9)
  12 porcupines
  17 orc warriors
  A phantom (D:7)
  2 sky beasts (D:12)
  A necrophage (D:8)
  11 ogres
  10 wolves (Lair:3)
  9 crocodiles
  2 centaurs
  22 big kobolds
  6 bullfrogs
  An earth elemental (Orc:2)
  3 scorpions (D:10)
  5 killer bees (D:9)
  7 howler monkeys
  8 wights
  2 crimson imps
  A quasit (D:10)
  A bullfrog skeleton (D:12)
  5 hounds
  4 jellies
  21 orc priests
  27 orc wizards
  8 worker ants
  4 iguanas
  Terence (D:2)
  A hound zombie (D:10)
  4 gnolls
  A worker ant zombie (D:7)
  A howler monkey skeleton (D:10)
  22 adders
  2 shadow imps
  An ooze (D:3)
  2 worms
  A dart slug (D:2)
  8 leopard geckos
  70 orcs
  2 ball pythons
  4 giant cockroaches
  9 hobgoblins
  2 jackals (D:1)
  6 quokkas
  7 bats
  3 frilled lizards
  4 goblins
  2 jackal skeletons
  17 kobolds
  15 rats
669 creatures vanquished.

Vanquished Creatures (collateral kills)
  A killer bee (D:9)
  An orc (D:9)
2 creatures vanquished.

Vanquished Creatures (others)
  A human (Lair:6)
  A bush (Lair:6)
  26 fungi
  25 plants
53 creatures vanquished.

Grand Total: 724 creatures vanquished

Notes
Turn   | Place    | Note
-------+----------+-------------------------------------------
     0 | D:1      | Chiseanne the Vampire Fire Elementalist began the quest for the Orb.
     0 | D:1      | Reached XP level 1. HP: 13/13 MP: 3/3
   250 | D:1      | Reached XP level 2. HP: 19/19 MP: 1/5
   319 | D:1      | Learned a level 2 spell: Throw Flame
   798 | D:1      | Reached XP level 3. HP: 24/24 MP: 7/7
   803 | D:1      | Learned a level 3 spell: Conjure Flame
  1236 | D:2      | Reached skill level 3 in Spellcasting
  1287 | D:2      | Found an ornate altar of the Wu Jian Council.
  1470 | D:2      | Noticed Terence
  1497 | D:2      | Killed Terence
  1497 | D:2      | Reached XP level 4. HP: 23/30 MP: 1/9
  2017 | D:3      | Found a radiant altar of Vehumet.
  2021 | D:3      | Became a worshipper of Vehumet
  2442 | D:4      | Reached XP level 5. HP: 35/35 MP: 8/10
  2510 | D:4      | Found a shadowy altar of Dithmenos.
  2605 | D:5      | Entered Level 5 of the Dungeon
  2607 | D:5      | Found a staircase to the Ecumenical Temple.
  2730 | D:5      | Reached skill level 4 in Spellcasting
  2975 | D:5      | Noticed an ogre
  2986 | D:5      | Killed an ogre
  2986 | D:5      | Reached XP level 6. HP: 41/41 MP: 1/12
  3068 | D:5      | Reached * piety under Vehumet
  3068 | D:5      | Offered knowledge of Freeze by Vehumet.
  3349 | D:5      | Reached skill level 5 in Spellcasting
  3438 | D:5      | Reached skill level 5 in Fire Magic
  3438 | D:5      | Reached XP level 7. HP: 24/46 MP: 9/14
  4321 | D:6      | Found Ukall's Magic Scroll Shoppe.
  4331 | D:6      | Bought 3 scrolls of identify for 84 gold pieces
  4331 | D:6      | Bought 2 scrolls of teleportation for 84 gold pieces
  4331 | D:6      | Bought a scroll of amnesia for 49 gold pieces
  4410 | D:6      | Found a snail-covered altar of Cheibriados.
  4788 | D:7      | Noticed Joseph
  5405 | D:7      | Reached skill level 6 in Spellcasting
  5825 | D:7      | Found Soungu's Assorted Antiques.
  5829 | D:7      | Bought a scroll labeled EJOPSE VUETOEGH for 31 gold pieces
  5829 | D:7      | Bought a puce potion for 27 gold pieces
  5833 | D:7      | Noticed a purple ugly thing
  6054 | D:7      | Learned a level 4 spell: Sticky Flame
  6061 | D:7      | Reached XP level 8. HP: 51/52 MP: 13/17
  6095 | D:7      | Reached ** piety under Vehumet
  6314 | D:8      | Found a sacrificial altar of Ru.
  6351 | D:8      | Offered knowledge of Throw Frost by Vehumet.
  6351 | D:8      | Reached skill level 1 in Conjurations
  6370 | D:8      | Learned a level 2 spell: Throw Frost
  6537 | D:8      | Noticed a hornet
  6546 | D:8      | Killed a hornet
  6595 | D:8      | Learned a level 5 spell: Fireball
  6603 | D:8      | Found a stormy altar of Qazlal.
  6623 | D:8      | You fall through a shaft for 2 floors!
  6623 | D:10     | Entered Level 10 of the Dungeon
  6777 | D:8      | Noticed Gastronok
  6816 | D:8      | Reached skill level 7 in Spellcasting
  7472 | D:9      | Noticed Prince Ribbit
  7480 | D:9      | Killed Prince Ribbit
  7550 | D:9      | Offered knowledge of Searing Ray by Vehumet.
  7601 | D:9      | Reached *** piety under Vehumet
  7691 | D:9      | Noticed a wizard
  7698 | D:9      | Killed a wizard
  7698 | D:9      | Reached skill level 8 in Spellcasting
  7698 | D:9      | Reached XP level 9. HP: 53/57 MP: 8/21
  7788 | D:9      | Noticed a large abomination
  7791 | D:9      | Found a glowing silver altar of Zin.
  7791 | D:9      | Found a burning altar of Makhleb.
  7792 | D:9      | Noticed an angel
  7792 | D:9      | Noticed a green death
  8183 | D:9      | Noticed a brown ugly thing
  8195 | D:9      | Killed a brown ugly thing
  8195 | D:9      | Reached skill level 9 in Spellcasting
  8195 | D:9      | Reached skill level 5 in Conjurations
  8303 | D:9      | Offered knowledge of Mephitic Cloud by Vehumet.
  8348 | D:9      | Learned a level 3 spell: Mephitic Cloud
  8594 | D:9      | Killed Gastronok
  8594 | D:9      | Reached skill level 10 in Spellcasting
  8594 | D:9      | Reached XP level 10. HP: 63/63 MP: 11/24
  9149 | D:9      | Reached **** piety under Vehumet
  9313 | D:9      | Offered knowledge of Iskenderun's Mystic Blast by Vehumet.
  9435 | D:9      | Learned a level 4 spell: Iskenderun's Mystic Blast
  9668 | D:9      | Found a staircase to the Orcish Mines.
  9681 | D:9      | Found a white marble altar of Elyvilon.
  9927 | D:7      | Killed a purple ugly thing
  9927 | D:7      | Reached skill level 11 in Spellcasting
 10058 | D:7      | Bought a ring of evasion for 62 gold pieces
 10220 | D:7      | Killed Joseph
 10612 | D:9      | Noticed a large abomination
 10618 | D:9      | Killed a large abomination
 10618 | D:9      | Reached XP level 11. HP: 68/68 MP: 2/26
 10881 | D:9      | Killed a large abomination
 11328 | Orc:1    | Entered Level 1 of the Orcish Mines
 12384 | Orc:2    | Entered Level 2 of the Orcish Mines
 12491 | D:7      | Bought a shimmering hand axe for 248 gold pieces
 12491 | D:7      | Bought a scroll of teleportation for 93 gold pieces
 12492 | D:7      | Identified the +10 hand axe of Cuggomep {chop, +Fly Int+7} (You bought it in a shop on level 7 of the Dungeon)
 12597 | Orc:2    | Found a staircase to the Elven Halls.
 12785 | Orc:2    | Noticed an orc knight
 12935 | Orc:1    | Killed an orc knight
 13053 | Orc:2    | Noticed an orc sorcerer
 13056 | Orc:2    | Killed an orc sorcerer
 13491 | Orc:2    | Reached ***** piety under Vehumet
 13520 | Orc:2    | Noticed an orc sorcerer
 13573 | Orc:2    | Offered knowledge of Poison Arrow by Vehumet.
 13579 | Orc:2    | Killed an orc sorcerer
 13761 | Orc:2    | Noticed an orc sorcerer
 13879 | Orc:2    | Paralysed by an orc sorcerer for 4 turns
 14135 | Orc:2    | Reached skill level 12 in Spellcasting
 14659 | Orc:2    | Noticed an orc sorcerer
 14664 | Orc:2    | Killed an orc sorcerer
 14808 | Orc:2    | Killed an orc sorcerer
 15016 | Orc:2    | Noticed an orc sorcerer
 15027 | Orc:2    | Killed an orc sorcerer
 15182 | Orc:2    | Noticed an orc high priest
 15348 | Orc:2    | Killed an orc high priest
 15532 | Orc:2    | Found Supudiodgh's Antique Armour Shop.
 15532 | Orc:2    | Found Yduag's Food Boutique.
 15532 | Orc:2    | Found Dyrranele's Magic Scroll Boutique.
 15535 | Orc:2    | Found Xounox's Food Shop.
 15540 | Orc:2    | Bought a scroll of fog for 30 gold pieces
 15542 | Orc:2    | Bought a twisted ring mail for 180 gold pieces
 15544 | Orc:2    | Bought a scroll of blinking for 112 gold pieces
 15544 | Orc:2    | Bought a scroll of identify for 30 gold pieces
 15544 | Orc:2    | Bought a scroll of identify for 30 gold pieces
 15544 | Orc:2    | Bought a scroll of identify for 30 gold pieces
 15546 | Orc:2    | Identified the cursed +0 ring mail of Ypepsiar {rC+ MR+ Regen+ Slay-6} (You bought it in a shop on level 2 of the Orcish Mines)
 15993 | D:6      | Bought a scroll of magic mapping for 49 gold pieces
 16330 | Orc:2    | Learned a level 6 spell: Poison Arrow
 16396 | D:10     | Reached skill level 1 in Poison Magic
 16396 | D:10     | Reached XP level 12. HP: 74/74 MP: 4/28
 17218 | D:10     | Found Inaedaewoa's Gadget Shoppe.
 17554 | D:11     | Found a staircase to the Lair.
 18031 | D:11     | Offered knowledge of Yara's Violent Unravelling by Vehumet.
 18279 | D:11     | Got an ivory spear
 18280 | D:11     | Identified the +11 spear "Niegos" {vamp, Str+3} (You found it on level 11 of the Dungeon)
 18291 | D:11     | Reached skill level 10 in Conjurations
 18465 | D:12     | Reached skill level 1 in Evocations
 18466 | D:12     | Noticed Josephine
 18885 | D:12     | Killed Josephine
 19069 | D:12     | Found a runed door.
 19103 | D:12     | Noticed NormalPerson7T's ghost (journeyman DDFi)
 19393 | Lair:1   | Entered Level 1 of the Lair of Beasts
 19511 | Lair:1   | Reached skill level 5 in Evocations
 19521 | Lair:1   | Noticed a four-headed hydra
 20307 | Lair:1   | Killed a four-headed hydra
 20454 | Lair:1   | Reached XP level 13. HP: 79/79 MP: 18/29
 21374 | Lair:2   | Offered knowledge of Bolt of Draining by Vehumet.
 21381 | Lair:2   | Learned a level 5 spell: Bolt of Draining
 21893 | Lair:2   | Found a runed door.
 21895 | Lair:2   | Found a shimmering altar of Xom.
 21895 | Lair:2   | Noticed rupin's ghost (journeyman MiHu)
 22094 | Lair:2   | Learned a level 1 spell: Apportation
 23174 | Lair:4   | Found a labyrinth entrance.
 23193 | Lab      | Entered a labyrinth
 23548 | Lab      | Noticed a minotaur
 23551 | Lab      | Killed a minotaur
 23558 | Lab      | Identified the Almanac of Orientation
 23562 | Lab      | Got a crude ivory ring
 23563 | Lab      | Got a crystal mace {drain}
 23565 | Lab      | Identified Sif Muna's Reference Book on Harmful Augmentations
 23583 | Lair:4   | Identified the +0 mace of Sloth {drain, +Rage} (You took it off a minotaur in a labyrinth)
 23761 | Lair:3   | Identified the ring "Cuir" {rF+ Str+2 Stlth+} (You took it off a minotaur in a labyrinth)
 24291 | Lair:4   | Reached skill level 10 in Evocations
 25216 | Lair:4   | Found a staircase to the Snake Pit.
 25933 | Lair:4   | Found a staircase to the Shoals.
 26841 | Lair:5   | Learned a level 4 spell: Passage of Golubria
 26867 | Lair:5   | Reached ****** piety under Vehumet
 26871 | Lair:5   | Noticed Kirke
 26883 | Lair:5   | Killed Kirke
 26883 | Lair:5   | Reached skill level 13 in Spellcasting
 26883 | Lair:5   | Reached skill level 1 in Translocations
 26883 | Lair:5   | Reached XP level 14. HP: 85/85 MP: 9/31
 27807 | Lair:5   | Offered knowledge of Freezing Cloud by Vehumet.
 27874 | Lair:5   | Found a staircase to the Slime Pits.
 28203 | Lair:6   | Entered Level 6 of the Lair of Beasts
 29684 | Lair:6   | Reached skill level 5 in Translocations
 29897 | Lair:6   | Reached skill level 14 in Spellcasting
 30392 | Lair:6   | Got a bone hunting sling
 30393 | Lair:6   | Identified the cursed +3 hunting sling of Poumied {flame, *Slow rElec MR+ Dex+5} (You found it on level 6 of the Lair of Beasts)
 31125 | Lair:6   | Found a burning altar of Makhleb.
 31131 | Lair:6   | Found a gateway to Hell.
 31419 | Orc:2    | Bought a scroll of amnesia for 52 gold pieces
 31419 | Orc:2    | Bought a scroll of remove curse for 45 gold pieces
 31419 | Orc:2    | Bought a scroll of silence for 112 gold pieces
 31419 | Orc:2    | Bought a scroll of magic mapping for 52 gold pieces
 31419 | Orc:2    | Bought a scroll of enchant armour for 112 gold pieces
 31419 | Orc:2    | Bought a scroll of remove curse for 45 gold pieces
 31419 | Orc:2    | Bought a scroll of enchant weapon for 112 gold pieces
 31419 | Orc:2    | Bought a scroll of fog for 30 gold pieces
 31443 | Elf:1    | Entered Level 1 of the Elven Halls
 31591 | Elf:1    | Offered knowledge of Conjure Ball Lightning by Vehumet.
 31650 | Orc:2    | Upgraded the game from 0.22.0 to 0.22.0-2-ge58baed0e8
 32313 | Elf:1    | HP: 3/85 [deep elf mage/bolt of lightning (31)]
 32313 | Elf:1    | HP: 1/85 [saltling (2)]
 33792 | Elf:1    | Reached XP level 15. HP: 83/90 MP: 29/33
 34372 | Elf:1    | HP: 4/90 [hell beast[a deep elf demonologist] (6)]
 34758 | Elf:1    | Reached skill level 15 in Spellcasting
 35104 | Elf:1    | Learned a level 6 spell: Bolt of Fire
 35541 | Elf:1    | Learned a level 7 spell: Spellforged Servitor
 35595 | Elf:1    | Noticed a deep elf sorcerer
 35603 | Elf:1    | Killed a deep elf sorcerer
 35684 | Elf:1    | Noticed Asterion
 35751 | Elf:1    | Offered knowledge of Iron Shot by Vehumet.
 35916 | Shoals:1 | Entered Level 1 of the Shoals
 35971 | Shoals:1 | Found a runed door.
 36029 | Shoals:1 | HP: 2/90 [sea snake (14)]
 36033 | Shoals:1 | Reached skill level 5 in Summonings
 37330 | Shoals:2 | Reached skill level 1 in Shields
 37984 | Shoals:2 | HP: 3/90 [merfolk/trident (19)]
 37985 | Shoals:2 | Mangled by a water elemental

Skill      XL: |  1  2  3  4  5  6  7  8  9 10 11 12 13 14 15 |
---------------+----------------------------------------------+-----
Fire Magic     | 3 4 5 6 7 |  7.0
Spellcasting   | 3 4 5 6 8 10 11 12 13 14 15 | 15.0
Conjurations   | 4 6 7 9 10 | 10.4
Poison Magic   | 1 4 |  4.4
Evocations     | 6 11 | 11.0
Translocations | 1 6 8 |  8.0
Summonings     | 6 |  6.7
Shields        | 2 |  2.5
Dodging        | |  2.1
Stealth        | |  3.0

Action                   |  1- 3 |  4- 6 |  7- 9 | 10-12 | 13-15 || total
-------------------------+-------+-------+-------+-------+-------++-------
Melee: Unarmed           |    17 |       |       |       |       ||    17
       Bite              |     5 |     3 |     4 |    11 |     5 ||    28
       Short sword       |    32 |    24 |    18 |       |       ||    74
       Morningstar       |       |     7 |       |       |       ||     7
       Long sword        |       |       |     9 |     6 |       ||    15
       Hand axe          |       |       |       |   139 |    67 ||   206
       Mace              |       |       |       |       |    11 ||    11
       Staff             |       |       |       |       |     1 ||     1
       Spear             |       |       |       |       |     3 ||     3
 Fire: Blowgun           |       |       |       |    24 |       ||    24
Throw: Tomahawk          |       |       |       |     1 |       ||     1
 Cast: Flame Tongue      |    65 |    98 |   178 |   148 |       ||   489
       Throw Flame       |     7 |     5 |    41 |    67 |    76 ||   196
       Conjure Flame     |       |     4 |     7 |     8 |     4 ||    23
       Throw Frost       |       |       |     4 |       |       ||     4
       Fireball          |       |       |     5 |     1 |       ||     6
       Mephitic Cloud    |       |       |     3 |    37 |     5 ||    45
       Iskenderun's Myst |       |       |       |   256 |    59 ||   315
       Poison Arrow      |       |       |       |    40 |   380 ||   420
       Bolt of Draining  |       |       |       |       |    21 ||    21
       Apportation       |       |       |       |       |     1 ||     1
       Bolt of Fire      |       |       |       |       |     6 ||     6
Evoke: Wand              |       |     3 |     3 |     5 |    12 ||    23
  Use: Scroll            |     9 |     2 |    13 |    15 |    32 ||    71
       Potion            |     7 |    10 |    18 |    61 |   110 ||   206
 Stab: Invisible         |     2 |       |       |       |       ||     2
       Sleeping          |       |     1 |     5 |       |       ||     6
       Confused          |       |       |       |    14 |     2 ||    16
       Distracted        |       |       |       |     1 |       ||     1
Armor: Robe              |    22 |    17 |    15 |    60 |    46 ||   160
       Skin              |    17 |       |       |       |       ||    17
Dodge: Dodged            |    58 |    44 |   124 |   289 |   191 ||   706
       Deflected         |       |       |       |       |    11 ||    11
Block: Buckler           |       |       |       |       |    14 ||    14
       Rpst.: Long sword |       |       |    15 |    14 |       ||    29
